 Dungeon Crawl Stone Soup version 0.28-a0-1087-gf3fc490d9d (webtiles) character file.

Game seed: 6285710120453772125

90 ytrimaz the Insei (level 4, 0/29 HPs)
             Began as an Octopode Transmuter on Dec 10, 2021.
             Slain by a goblin (5 damage)
             ... led by Robin
             ... on level 2 of the Dungeon.
             The game lasted 00:02:07 (1551 turns).

ytrimaz the Insei (Octopode Transmuter)             Turns: 1551, Time: 00:02:07

Health: 0/29       AC:  2    Str:  9    XL:     4   Next: 56%
Magic:  2/8        EV: 19    Int: 17    God:
Gold:   51         SH:  0    Dex: 17    Spells: 2/8 levels left

rFire   . . .      SeeInvis .     - Unarmed
rCold   . . .      Faith    .   (shield currently unavailable)
rNeg    . . .      Spirit   .   (helmet currently unavailable)
rPois   x          Reflect  .   (no amulet)
rElec   .          Harm     .   (no ring)
rCorr   .          Rampage  .   (no ring)
Will    .....                   (no ring)
Stlth   ++........              (no ring)
HPRegen 0.09/turn               (no ring)
MPRegen 0.11/turn               (no ring)
                                (no ring)
                                (no ring)

@: spider-form (expiring), wereblooded, very slightly contaminated
A: venomous fangs, almost no armour, (amphibious), 8 rings, tiny, (camouflage
1), (gelatinous body 1), (nimble swimmer 1), (tentacles)
a: End Transformation


You were on level 2 of the Dungeon.
You were a venomous arachnid creature.
You visited 1 branch of the dungeon, and saw 2 of its levels.

You collected 51 gold pieces.

Inventory:

Potions
 a - a potion of curing {unknown}
 b - a potion of lignification {unknown}
 c - a potion of heal wounds {unknown}


   Skills:
 * Level 1.8 Fighting
 - Level 2.0 Dodging
 + Level 3.9 Unarmed Combat
 * Level 2.7 Spellcasting
 * Level 2.8 Transmutations


You had 2 spell levels left.
You knew the following spells:

 Your Spells              Type           Power      Damage    Failure   Level
a - Beastly Appendage     Tmut           22%        N/A       17%         1
b - Spider Form           Tmut/Pois      7%         N/A       52%         3
c - Wereblood             Tmut           11%        N/A       22%         2

Your spell library contained the following spells:

 Spells                   Type           Power      Damage    Failure   Level
 Ice Form                 Ice/Tmut       7%         N/A       86%         4


Dungeon Overview and Level Annotations

Branches:
Dungeon (2/15)

Altars:

Annotations:
D:2 Robin


Innate Abilities, Weirdness & Mutations

You are a venomous arachnid creature.
You have poisonous fangs.
You are tiny and dextrous.
Your spellcasting is less reliable in this form.
Your armour is entirely melded.
You are incapable of wielding weapons or throwing items.
You cannot wear most types of armour.
((You are amphibious.))
You can wear up to eight rings at the same time.
((Your skin changes colour to match your surroundings (Stealth+).))
((Your rubbery body absorbs attacks. (AC +1, EV +1)))
((You are camouflaged near water. (Stealth+)))
((You have tentacles for arms and can constrict up to eight enemies at once.))


Message History

You bludgeon the goblin!
You feel a bit better.
You kill the goblin!
You howl as the wereblood boils in your veins!
You hear a shout!
The jackal misses you.
Unknown command.
You tentacle-slap the jackal. You grab the jackal.
The jackal is heavily wounded.
You howl as the wereblood boils in your veins!
You constrict the jackal, but do no damage.
You hear a shout!
The jackal closely misses you.
Unknown command.
You tentacle-slap the jackal.
You feel a bit better.
You kill the jackal!
Unknown command.
Casting: Wereblood (safe; 9% risk of failure)
Confirm with . or Enter, or press ? or * to list all spells.
You miscast Wereblood.
You are very lightly contaminated with residual magic.
Nothing appears to happen.
Robin roars a battlecry!
Casting: Wereblood (safe; 9% risk of failure)
Confirm with . or Enter, or press ? or * to list all spells.
The spell is extremely dangerous to miscast (30% risk of failure)!
Continue anyway?
You turn into a venomous arachnid creature.
Robin misses you.
Unknown command.
You hit Robin but do no damage.
Robin is poisoned.
Robin throws the goblin at you!
* * * LOW HITPOINT WARNING * * *
The goblin barely misses you.
You hit Robin.
Robin is lightly wounded.
Robin barely misses you. The goblin completely misses you.
Unknown command.
You bite Robin!
Robin looks as sick as possible!
Robin is severely wounded.
Robin closely misses you. The goblin hits you with a +0 dagger.
You die...

....... .......## ...
..gg..g.. .. ..g.....# .#
.g......# ###'#######.#
........#####.........#.#
......................'..
######.#####.........#.#
........ggsg..........'.#
.######.####..........#
#.# #..........### #.#
#..........'.. ...
#..........####
#.##.#..........'...
......†..........#####
##.##.#...............
#.#...........####


You could see Robin (extremely poisoned) and 2 goblins.

Vanquished Creatures
  4 gnolls (D:2)
  A worm (D:2)
  2 dart slugs
  2 ball pythons (D:1)
  3 bats (D:1)
  4 endoplasms
  2 giant cockroaches
  9 goblins
  A hobgoblin (D:1)
  4 jackals
  2 quokkas
  2 frilled lizards (D:2)
  3 kobolds
  2 rats (D:1)
41 creatures vanquished.

Vanquished Creatures (others)
  A fungus (D:2)
1 creature vanquished.

Grand Total: 42 creatures vanquished

Notes
Turn   | Place    | Note
-------+----------+-------------------------------------------
     0 | D:1      | ytrimaz the Octopode Transmuter began the quest for the
                  | Orb.
     0 | D:1      | Reached XP level 1. HP: 13/13 MP: 3/3
   221 | D:1      | Reached XP level 2. HP: 17/18 MP: 3/5
   702 | D:1      | Reached XP level 3. HP: 23/23 MP: 4/6
   706 | D:1      | Learned a level 3 spell: Spider Form
   709 | D:1      | Learned a level 2 spell: Wereblood
   878 | D:2      | Noticed Robin
  1018 | D:2      | Reached XP level 4. HP: 18/29 MP: 5/7
  1551 | D:2      | Slain by a goblin

Illustrated notes

Levels and vault maps discovered:
D:1:      saegor_arrival_simple_a, layout_rooms
D:2:      layout_basic, basic_altar, minmay_tetromino_t4, uniq_natasha,
          uniq_robin, uniq_crazy_yiuf_cottage

Action                   |  1- 3 |  4- 6 || total
-------------------------+-------+-------++-------
Melee: Unarmed           |    53 |    45 ||    98
       Constrict         |    14 |     5 ||    19
       Kick              |     9 |       ||     9
       Tentacles         |     9 |     3 ||    12
       Punch             |     1 |       ||     1
 Cast: Beastly Appendage |    11 |       ||    11
       Wereblood         |     2 |     2 ||     4
       Spider Form       |       |     2 ||     2
  Use: Scroll            |     3 |     1 ||     4
 Stab: Sleeping          |     2 |     1 ||     3
Armor: Skin              |     6 |     2 ||     8
Dodge: Dodged            |    42 |    34 ||    76

Table legend: (Time is in decaauts)
 A = Elapsed time spent in this place.
 B = Non-inter-level travel time spent in this place.
 C = Inter-level travel time spent in this place.
 D = Time resting spent in this place.
 E = Time spent auto-exploring this place.
 F = Levels seen in this place.
 G = Mean time per level.
                   A        B        C        D        E       F      G
               +--------+--------+--------+--------+--------+-----+--------+
         Total |   1544 |   1537 |      7 |    276 |    862 |   2 |  772.0 |
       Dungeon |   1544 |   1537 |      7 |    276 |    862 |   2 |  772.0 |
               +--------+--------+--------+--------+--------+-----+--------+

Top non-repeatable levels by time:
     D:1: 876 daAuts
     D:2: 668 daAuts
